 Dungeon Crawl Stone Soup version 0.28.0-1-gb440e238dd (webtiles) character file.

Game seed: 18400913770694472120

97 croobank the Sneak (level 4, -5/27 HPs)
             Began as an Octopode Fire Elementalist on Feb 19, 2022.
             Slain by Natasha (9 damage)
             ... on level 2 of the Dungeon.
             The game lasted 00:04:29 (1963 turns).

croobank the Sneak (Octopode Fire Elementalist)     Turns: 1963, Time: 00:04:30

Health: -5/27      AC:  1    Str:  7    XL:     4   Next: 68%
Magic:  3/7        EV: 13    Int: 25    God:
Gold:   42         SH:  0    Dex: 12    Spells: 1/8 levels left

rFire   . . .      SeeInvis .   j - +3 short sword
rCold   . . .      Faith    .   (no shield)
rNeg    . . .      Spirit   .   (helmet restricted)
rPois   .          Reflect  .   (no amulet)
rElec   .          Harm     .   g - +6 ring of intelligence
rCorr   .          Rampage  .   (no ring)
Will    .....                   (no ring)
Stlth   +++.......              (no ring)
HPRegen 0.09/turn               (no ring)
MPRegen 0.10/turn               (no ring)
                                (no ring)
                                (no ring)

@: attractive
A: almost no armour, amphibious, 8 rings, camouflage 1, gelatinous body 1,
(nimble swimmer 1), tentacles
a: no special abilities


You were on level 2 of the Dungeon.
You visited 1 branch of the dungeon, and saw 2 of its levels.

You collected 42 gold pieces.

Inventory:

Hand Weapons
 b - a +0 dagger
 j - a +3 short sword (weapon)
Missiles
 a - 22 sling bullets
 c - 45 stones
 h - 6 poisoned darts
Jewellery
 g - a +6 ring of intelligence (left tentacle)
Scrolls
 e - a scroll of blinking {unknown}
 f - a scroll of enchant weapon {unknown}
 k - a scroll of enchant armour {unknown}
 l - a scroll of magic mapping {unknown}
 m - a scroll of identify {unknown}
Potions
 i - a potion of berserk rage {unknown}


   Skills:
 + Level 2.7 Dodging
 + Level 3.8 Stealth
 + Level 2.6 Spellcasting
 + Level 2.0 Conjurations
 + Level 3.5 Fire Magic


You had one spell level left.
You knew the following spells:

 Your Spells              Type           Power      Damage    Failure   Level
a - Foxfire               Conj/Fire      68%        2x1d7     3%          1
b - Scorch                Fire           42%        2d7       3%          2
c - Flame Wave            Conj/Fire      17%        2d6       32%         4

Your spell library contained the following spells:

 Spells                   Type           Power      Damage    Failure   Level
 Conjure Flame            Conj/Fire      17%        6-21      10%         3
 Corpse Rot               Necr/Air       6%         N/A       16%         2
 Ensorcelled Hibernation  Hex/Ice        6%         N/A       16%         2
 Passwall                 Tmut/Erth      2%         N/A       16%         2
 Poisonous Vapours        Pois/Air       6%         N/A       16%         2
 Inner Flame              Hex/Fire       12%        N/A       16%         3
 Swiftness                Air            3%         N/A       32%         3
 Passage of Golubria      Tloc           3%         N/A       71%         4
 Silence                  Hex/Air        1%         N/A       96%         5
 Lehudib's Crystal Spear  Conj/Erth      4%         10d3      100%        8


Dungeon Overview and Level Annotations

Branches:
Dungeon (2/15)

Altars:
Cheibriados

Annotations:
D:2 Natasha


Innate Abilities, Weirdness & Mutations

You cannot wear most types of armour.
You are amphibious.
You can wear up to eight rings at the same time.
Your skin changes colour to match your surroundings (Stealth+).
Your rubbery body absorbs attacks. (AC +1, EV +1)
((You are camouflaged when in or above water. (Stealth+)))
You have tentacles for arms and can constrict up to eight enemies at once.


Message History

Natasha, Servant of Life and Death comes into view.
Natasha moves out of view.
Natasha is nearby!
Natasha hisses angrily.
An endoplasm comes into view.
Natasha casts a spell.
Casting: Foxfire (safe; 3% risk of failure)
Confirm with . or Enter, or press ? or * to list all spells.
You conjure some foxfire!
Natasha extends her claws.
Natasha mumbles some strange words.
The foxfire hits the shadow imp.
The shadow imp is lightly wounded.
Casting: Foxfire (safe; 3% risk of failure)
Confirm with . or Enter, or press ? or * to list all spells.
Flames lash Natasha.
Natasha is moderately wounded.
Natasha's fire resistance burns away.
The foxfire hits the shadow imp.
The shadow imp is moderately wounded.
The crimson imp hits you. Natasha claws you. The shadow imp hits you.
Casting: Scorch (safe; 3% risk of failure)
Confirm with . or Enter, or press ? or * to list all spells.
You conjure some foxfire!
Natasha casts a spell at you. The magic dart hits you!
* * * LOW HITPOINT WARNING * * *
The crimson imp barely misses you.
The shadow imp grins evilly.
The shadow imp hits you.
* * * LOW HITPOINT WARNING * * *
It was a potion of attraction.
You feel attractive to monsters.
The foxfire hits the endoplasm.
The endoplasm is almost dead.
The foxfire hits the shadow imp.
The shadow imp is heavily wounded.
Natasha extends her claws.
Natasha claws you!
You die...

#. #.# #.# #.# #.# #.#
########## .######.##
#........#
........5####.######.#
####.J@5.........##.#
##..h####.###.##.#
#...# #........# #...#
#.##...#.# #...#
#........# ##'##
#.##...#.# ...
#.###.##.# ...
#.###.##.# #........#


You could see Natasha (combustible), a crimson imp (summoned), a shadow imp
(summoned) and an endoplasm.

Vanquished Creatures
  Natasha (twice) (D:2)
  2 adders (D:2)
  A dart slug (D:2)
  2 bats (D:2)
  An endoplasm (D:2)
  2 giant cockroaches (D:2)
  3 hobgoblins
  2 quokkas
  4 ball pythons
  3 frilled lizards
  3 goblins
  3 kobolds
  3 rats (D:2)
31 creatures vanquished.

Vanquished Creatures (others)
  54 foxfires
54 creatures vanquished.

Grand Total: 85 creatures vanquished

Notes
Turn   | Place    | Note
-------+----------+-------------------------------------------
     0 | D:1      | croobank the Octopode Fire Elementalist began the quest for
                  | the Orb.
     0 | D:1      | Reached XP level 1. HP: 11/11 MP: 3/3
   479 | D:1      | Reached XP level 2. HP: 17/17 MP: 3/5
   482 | D:1      | Learned a level 2 spell: Scorch
   920 | D:2      | Noticed Natasha
   927 | D:2      | Killed Natasha
   928 | D:2      | Reached XP level 3. HP: 11/21 MP: 2/6
  1148 | D:2      | Noticed Natasha
  1154 | D:2      | Killed Natasha
  1155 | D:2      | Reached XP level 4. HP: 27/27 MP: 2/7
  1160 | D:2      | Learned a level 4 spell: Flame Wave
  1253 | D:2      | Found a snail-covered altar of Cheibriados.
  1951 | D:2      | Noticed Natasha
  1963 | D:2      | Slain by Natasha

Illustrated notes

Levels and vault maps discovered:
D:1:      dpeg_arrival_oval, layout_basic, chequers_serial_rivers_micro_b,
          chequers_serial_rivers_micro_b
D:2:      layout_loops_corners, basic_altar, uniq_natasha

Skill      XL: |  1  2  3  4 |
---------------+-------------+-----
Stealth        | 3 |  3.8
Conjurations   | 2 |  2.0
Dodging        | |  2.7
Spellcasting   | |  2.6
Fire Magic     | |  3.5

Action                   |  1- 3 |  4- 6 || total
-------------------------+-------+-------++-------
Melee: Dagger            |     5 |     1 ||     6
       Constrict         |     2 |     1 ||     3
       Tentacles         |     1 |       ||     1
 Cast: Foxfire           |    15 |    16 ||    31
       Scorch            |     1 |     9 ||    10
  Use: Potion            |       |     1 ||     1
 Stab: Sleeping          |     1 |       ||     1
Armor: Skin              |       |     1 ||     1
Dodge: Dodged            |     4 |     1 ||     5
